 Dungeon Crawl Stone Soup version 0.29-a0-617-g7a6b98fccd (webtiles) character file.

Game seed: 10144840589828450898

64180 avis the Marksdemigod (level 14, -19/121 (124) HPs)
             Began as a Demigod Ice Elementalist on June 16, 2022.
             Killed from afar by a lich (91 damage)
             ... with a bolt of cold
             ... on level 2 of the Abyss on June 17, 2022.
             The game lasted 03:25:54 (24353 turns).

avis the Marksdemigod (Demigod Ice Elementalist)   Turns: 24353, Time: 03:25:54

HP:   -19/121 (124) AC: 21    Str:  9    XL:     14   Next: 32%
MP:   24/24         EV: 18    Int: 17    God:
Gold: 686           SH:  0    Dex: 36    Spells: 16/21 levels left

rFire   . . .      SeeInvis .   b - +1 longbow
rCold   x . .      Faith    .   (shield currently unavailable)
rNeg    + . .      Spirit   .   d - +2 steam dragon scales
rPois   +          Reflect  .   L - +0 helmet
rElec   .          Harm     .   k - +0 cloak of the Slimy God {rPois rC- Slay+2}
rCorr   .          Rampage  .   K - +1 pair of gloves
Will    +....                   e - +0 pair of boots
Stlth   ++++......              Q - amulet of regeneration
HPRegen 1.10/turn               l - +6 ring of dexterity
MPRegen 0.19/turn               B - ring of positive energy

@: ice-armoured, slowed, studying Earth Magic, lightly drained, very slow
A: high MP 1, forlorn, divine attributes
a: no special abilities


You were on level 2 of the Abyss.
You visited 3 branches of the dungeon, and saw 19 of its levels.
You visited the Abyss 1 time.

You collected 1127 gold pieces.
You spent 441 gold pieces at shops.

Inventory:

Hand Weapons
 a - a +3 long sword
 b - a +1 longbow (weapon)
 u - a +1 dagger of freezing
 w - the +11 quarterstaff of the Original Sin {freeze, *Slow rElec rPois Stlth+}
   (You found it on level 5 of the Lair of Beasts)

   It freezes those it strikes, dealing additional cold damage.
   It can also slow down cold-blooded creatures.
   rElec:     It insulates you from electricity.
   rPois:     It protects you from poison.
   *Slow:     It may slow you when you take damage.
   Stlth:     It makes you more stealthy.
Missiles
 D - 2 throwing nets
Armour
 d - +2 steam dragon scales (worn)
 e - a +0 pair of boots (worn)
 k - the +0 cloak of the Slimy God (worn) {rPois rC- Slay+2}
   (You found it on level 6 of the Lair of Beasts)

   Slay:      It affects your accuracy & damage with ranged weapons and melee
   (+2).
   rC:        It makes you vulnerable to cold.
   rPois:     It protects you from poison.
 K - a +1 pair of gloves (worn)
 L - a +0 helmet (worn)
Jewellery
 j - a ring of flight
 l - a +6 ring of dexterity (left hand)
 B - a ring of positive energy (right hand)
 Q - an amulet of regeneration (around neck)
Wands
 i - a wand of polymorph (28)
 z - a wand of paralysis (23)
 F - a wand of flame (31)
 J - a wand of digging (3)
 M - a wand of iceblast (5)
 S - a wand of mindburst (26)
Scrolls
 f - 3 scrolls of summoning
 g - 7 scrolls of teleportation
 r - 2 scrolls of fear
 s - 2 scrolls of magic mapping
 v - a scroll of poison
 x - 6 scrolls of fog
 E - 7 scrolls of blinking
Potions
 h - 2 potions of magic
 m - a potion of haste
 o - 4 potions of resistance
 p - 2 potions of might
 q - 2 potions of brilliance
 t - 4 potions of curing
 C - a potion of invisibility
 G - 2 potions of cancellation
 I - 4 potions of lignification
 P - 4 potions of heal wounds
Miscellaneous
 c - a phantom mirror
 n - a phantom mirror
 y - a tin of tremorstones (2/2)
 N - a condenser vane


   Skills:
 - Level 11.1 Fighting
 * Level 17.4 Bows
 - Level 5.0 Armour
 - Level 5.0 Dodging
 - Level 5.0 Stealth
 - Level 4.0 Spellcasting
 - Level 1.0 Transmutations
 - Level 8.0 Ice Magic
 - Level 1.0 Earth Magic
 - Level 5.0 Evocations


You had 16 spell levels left.
You knew the following spells:

 Your Spells              Type           Power      Damage    Failure   Level
c - Passwall              Tmut/Erth      5%         N/A       16%         2
o - Ozocubu's Armour      Ice            30%        N/A       1%          3

Your spell library contained the following spells:

 Spells                   Type           Power      Damage    Failure   Level
 Freeze                   Ice            100%       1d11      1%          1
 Frozen Ramparts          Ice            60%        1d8       1%          3
 Sandblast                Erth           12%        2d6       11%         1
 Magic Dart               Conj           12%        1d3       16%         1
 Slow                     Hex            12%        N/A       16%         1
 Call Imp                 Summ           3%         N/A       24%         2
 Searing Ray              Conj           6%         2d4       24%         2
 Sublimation of Blood     Necr           3%         N/A       24%         2
 Hailstorm                Conj/Ice       17%        3d6       30%         4
 Stone Arrow              Conj/Erth      10%        3d7       36%         3
 Call Canine Familiar     Summ           3%         N/A       43%         3
 Confusing Touch          Hex            3%         N/A       43%         3
 Dazzling Flash           Conj/Hex       6%         N/A       43%         3
 Gell's Gravitas          Tloc           3%         N/A       43%         3
 Mephitic Cloud           Conj/Pois/Air  3%         N/A       43%         3
 Portal Projectile        Hex/Tloc       6%         N/A       43%         3
 Teleport Other           Tloc           3%         N/A       43%         3
 Vampiric Draining        Necr           3%         2d6       43%         3
 Petrify                  Tmut/Erth      6%         N/A       71%         4
 Animate Armour           Summ/Erth      10%        N/A       77%         4
 Leda's Liquefaction      Hex/Erth       2%         N/A       77%         4
 Fulminant Prism          Conj/Hex       1%         3d6       83%         4
 Iskenderun's Mystic Bla  Conj/Tloc      3%         2d3       83%         4
 Passage of Golubria      Tloc           3%         N/A       83%         4
 Blade Hands              Tmut           3%         N/A       96%         5
 Irradiate                Conj/Tmut      2%         3d14      98%         5
 Fireball                 Conj/Fire      1%         3d3       99%         5
 Silence                  Hex/Air        1%         N/A       99%         5
 Conjure Ball Lightning   Conj/Air       1%         3x3d6     100%        6
 Dispersal                Tloc           1%         N/A       100%        6
 Iron Shot                Conj/Erth      2%         9d2       100%        6
 Starburst                Conj/Fire      1%         6d3       100%        6
 Statue Form              Tmut/Erth      4%         N/A       100%        6
 Discord                  Hex            1%         N/A       100%        8
 Disjunction              Tloc           1%         N/A       100%        8
 Ignition                 Fire           1%         3d3       100%        8
 Lehudib's Crystal Spear  Conj/Erth      2%         10d2      100%        8


Dungeon Overview and Level Annotations

Branches:
Dungeon (12/15)            Temple (1/1) D:5            Lair (6/6) D:11
  Swamp (0/4) Lair:3       Spider (0/4) Lair:2        Slime (0/5) Lair:6
    Orc (0/2) D:11

Shops:
D:2 ?   D:12 (


Innate Abilities, Weirdness & Mutations

You have an increased reservoir of magic. (+10% MP)
You shall have no god before yourself.
Your divine heritage dramatically boosts your attributes as you level up.


Message History

Press: ? - help, Q - select action, (/) - cycle Shift-Dir - straight line, f/p - lich
Aim: a lich (heavily damaged, 78% to hit)
You shoot an arrow. The arrow hits the lich!!
The lich is severely damaged.
A starcursed mass splits.
The lich gestures at you while chanting.
You feel yourself slow down.
Shoot: b) +1 longbow
Press: ? - help, Q - select action, (/) - cycle Shift-Dir - straight line, f/p - lich
Aim: a lich (severely damaged, 78% to hit)
You shoot an arrow. The arrow completely misses the lich.
The lich completely misses you.
A starcursed mass splits.
A chorus of shrieks assaults your mind.
Shoot: b) +1 longbow
Press: ? - help, Q - select action, (/) - cycle Shift-Dir - straight line, f/p - lich
Aim: a lich (severely damaged, 78% to hit)
You shoot an arrow. The arrow hits the lich.
The lich is severely damaged.
The lich conjures an orb of pure magic.
The wavering orb of destruction weakly hits you!
The starcursed mass completely misses you.
The lich misses you.
Shoot: b) +1 longbow
Press: ? - help, Q - select action, (/) - cycle Shift-Dir - straight line, f/p - lich
Aim: a lich (severely damaged, 78% to hit)
You shoot an arrow. The arrow hits the lich!
The lich is almost destroyed.
A starcursed mass splits.
The starcursed mass touches you.
A starcursed mass splits.
The lich misses you.
Shoot: b) +1 longbow
Press: ? - help, Q - select action, (/) - cycle Shift-Dir - straight line, f/p - lich
Aim: a lich (almost destroyed, 78% to hit)
You shoot an arrow.
The arrow hits the lich but does no damage.
The lich is almost destroyed.
The starcursed mass touches you! The lich casts a spell at you.
The bolt of cold hits you!!!!
You feel a terrible chill!
Ouch! That really hurt!
You die...

# .#
..#.#..
## # . .
..... .
# #.
##.#....
... #
.....
.#.#..#.
. # . .
......#
.# #.. #
. ..X..#
#. #
#.XX###
. # ##
.. .#X##
.# .#.#
#@# #.##
#L## #
### ##.
## . .
.. #.


You could see 4 starcursed masses and a lich.

Vanquished Creatures
  Gastronok (Lair:3)
  3 tentacled starspawn (Abyss:2)
  6 hydras
  The ghost of chrisa4242 the Basher, a journeyman GrFi of Ru (Lair:1)
  Erolcha (D:10)
  2 catoblepae (Lair:5)
  A boulder beetle (Lair:2)
  2 two-headed ogres
  12 death yaks
  A thrashing horror (Abyss:2)
  Nergalle (Lair:3)
  Amaemon (Lair:3)
  A wizard (D:12)
  6 lindwurms
  3 deep elf pyromancers (D:12)
  2 worldbinders (Abyss:2)
  2 ugly things
  18 elephants
  Maurice (D:9)
  A cyclops (D:11)
  6 black mambas
  A gargoyle (D:11)
  12 cane toads
  An orange demon (Lair:3)
  3 kobold demonologists
  11 komodo dragons
  An unseen horror (Abyss:2)
  3 rime drakes
  2 ancient zymes (Abyss:2)
  2 trolls
  2 hornets
  3 polar bears
  A tyrant leech (Lair:3)
  8 blink frogs
  5 dream sheep (Lair:6)
  4 shadows
  A water elemental (D:11)
  72 yaks
  3 wyverns
  4 basilisks
  The ghost of turdburglar the Skirmisher, an amateur DsMo of Gozag (D:4)
  3 steam dragons
  A redback (Lair:2)
  3 vampire mosquitoes (D:10)
  3 large abominations (Abyss:2)
  An acid dragon (D:9)
  A swamp worm (Lair:3)
  24 water moccasins
  3 orc warriors (D:10)
  A sky beast (D:8)
  9 black bears
  9 wolves
  A phantom (D:5)
  A centaur (D:10)
  11 kobold brigands
  10 bullfrogs
  A gnoll sergeant (D:8)
  8 wights (D:7)
  2 howler monkeys
  6 electric eels (D:11)
  3 hounds
  6 orc priests
  2 jellies
  An iron imp (Abyss:2)
  4 iguanas
  2 gnoll shamans
  Natasha (thrice) (D:2)
  9 orc wizards
  A statue (D:4)
  2 small abominations (Abyss:2)
  13 gnolls
  7 adders
  A shadow imp (D:8)
  2 white imps
  An ufetubus (D:5)
  4 worms
  The ghost of DocClef the Sneak, a weakling TeDe (D:5)
  3 dart slugs
  23 orcs
  4 bats
  8 endoplasms
  2 giant cockroaches
  14 goblins
  6 hobgoblins
  10 jackals
  5 quokkas
  6 ball pythons
  2 frilled lizards
  25 kobolds
  6 rats
  3 starspawn tentacles (Abyss:2)
489 creatures vanquished.

Vanquished Creatures (others)
  2 bushes
  17 fungi
  44 plants
  8 starspawn tentacles (Abyss:2)
71 creatures vanquished.

Grand Total: 560 creatures vanquished

Notes
Turn   | Place    | Note
-------+----------+-------------------------------------------
     0 | D:1      | avis the Demigod Ice Elementalist began the quest for the
                  | Orb.
     0 | D:1      | Reached XP level 1. HP: 14/14 MP: 5/5
   268 | D:1      | Reached XP level 2. HP: 18/20 MP: 0/7
  1119 | D:2      | Noticed Natasha
  1160 | D:2      | Found Iheveor's Magic Scroll Shoppe.
  1176 | D:2      | Reached XP level 3. HP: 26/26 MP: 5/8
  1306 | D:2      | Learned a level 3 spell: Ozocubu's Armour
  1340 | D:2      | Killed Natasha
  1352 | D:2      | Noticed Natasha
  1359 | D:2      | Killed Natasha
  1360 | D:2      | Reached skill level 5 in Ice Magic
  1360 | D:2      | Reached XP level 4. HP: 28/33 MP: 3/9
  1433 | D:2      | Noticed Natasha
  1443 | D:2      | Killed Natasha
  1709 | D:2      | Reached XP level 5. HP: 38/38 MP: 6/10
  1797 | D:2      | Identified the +1 leather armour of Ojumethi {Harm Will+}
  2657 | D:3      | Reached skill level 1 in Fighting
  2903 | D:4      | Identified the +9 halberd of Xauvasoe {venom, SInv}
  3338 | D:4      | Noticed turdburglar's ghost (amateur DsMo)
  3571 | D:4      | Reached XP level 6. HP: 47/51 MP: 6/11
  3645 | D:4      | Found a transporter.
  3726 | D:4      | Found a transporter.
  4137 | D:5      | Entered Level 5 of the Dungeon
  4465 | D:5      | Found a staircase to the Ecumenical Temple.
  4469 | Temple   | Entered the Ecumenical Temple
  4696 | D:5      | Found a runed translucent gate.
  4697 | D:5      | Found a runed translucent gate.
  4698 | D:5      | Found a runed translucent gate.
  4722 | D:5      | Noticed DocClef's ghost (weakling TeDe)
  4855 | D:5      | Reached XP level 7. HP: 60/60 MP: 4/14
  5054 | D:5      | Reached skill level 5 in Fighting
  5586 | D:6      | Noticed a steam dragon
  5593 | D:6      | Killed a steam dragon
  5594 | D:6      | Reached skill level 1 in Armour
  5770 | D:6      | Identified the +9 dagger of the Fortune-Teller {flame,
                  | Str+2}
  5930 | D:6      | Noticed an air elemental
  5931 | D:6      | Noticed a water elemental
  5931 | D:6      | Noticed a fire elemental
  5992 | D:6      | Reached XP level 8. HP: 63/69 MP: 12/15
  6871 | D:7      | Got Qufureen's Catalogue of Clay
  6901 | D:7      | Reached skill level 5 in Dodging
  7184 | D:7      | Noticed a hornet
  7192 | D:7      | Killed a hornet
  7298 | D:7      | Reached XP level 9. HP: 44/76 MP: 14/16
  8245 | D:8      | Noticed a kobold demonologist
  8267 | D:8      | Killed a kobold demonologist
  8268 | D:8      | Reached skill level 5 in Armour
  8975 | Temple   | Upgraded the game from 0.29-a0-598-gd8304a5bf4 to
                  | 0.29-a0-613-gf2c431b9b9
  9804 | D:8      | Reached skill level 10 in Fighting
  9854 | D:8      | Reached skill level 1 in Evocations
  9904 | D:8      | Reached XP level 10. HP: 90/93 MP: 13/17
 10403 | D:9      | Noticed Maurice
 10419 | D:9      | Killed Maurice
 10420 | D:9      | Reached skill level 5 in Stealth
 10582 | D:10     | Entered Level 10 of the Dungeon
 10583 | D:10     | Identified the +2 robe of the Sky {Will- Dex+4}
 10606 | D:10     | Reached skill level 5 in Evocations
 10618 | D:9      | Noticed a two-headed ogre
 10624 | D:9      | Killed a two-headed ogre
 10890 | D:10     | Noticed a two-headed ogre
 10901 | D:10     | Killed a two-headed ogre
 10956 | D:10     | Noticed Erolcha
 10962 | D:10     | Killed Erolcha
 10976 | D:10     | Reached XP level 11. HP: 87/99 MP: 14/20
 11612 | Temple   | Upgraded the game from 0.29-a0-613-gf2c431b9b9 to
                  | 0.29-a0-617-g7a6b98fccd
 11856 | D:11     | Noticed a soul eater
 12052 | D:11     | Reached skill level 1 in Bows
 12058 | D:11     | Reached skill level 2 in Bows
 12315 | D:11     | Found a staircase to the Orcish Mines.
 12338 | D:11     | Reached skill level 3 in Bows
 12431 | D:11     | Reached skill level 4 in Bows
 12456 | D:11     | HP: 3/102 [yak (9)]
 12472 | D:11     | Reached skill level 5 in Bows
 12579 | D:11     | Found a staircase to the Lair.
 12650 | D:11     | Reached skill level 6 in Bows
 13343 | Lair:1   | Entered Level 1 of the Lair of Beasts
 13372 | Lair:1   | Reached skill level 7 in Bows
 13677 | Lair:1   | Reached skill level 8 in Bows
 13695 | Lair:1   | Learned a level 2 spell: Passwall
 13770 | Lair:1   | Reached XP level 12. HP: 70/110 MP: 21/21
 13950 | Lair:1   | Reached skill level 9 in Bows
 14844 | Lair:1   | Found a runed translucent door.
 14845 | Lair:1   | Noticed chrisa4242's ghost (journeyman GrFi)
 15453 | Lair:2   | Noticed a five-headed hydra
 15483 | Lair:2   | Reached skill level 10 in Bows
 15513 | Lair:2   | Noticed a boulder beetle
 15550 | Lair:2   | Killed a boulder beetle
 15584 | Lair:2   | Found a hole to the Spider Nest.
 15747 | Lair:2   | Killed a five-headed hydra
 15848 | Lair:2   | Reached skill level 11 in Bows
 16908 | Lair:3   | Noticed a five-headed hydra
 16918 | Lair:3   | Killed a five-headed hydra
 17095 | Lair:3   | Noticed a six-headed hydra
 17106 | Lair:3   | Killed a six-headed hydra
 17107 | Lair:3   | Reached skill level 12 in Bows
 17413 | Lair:3   | Noticed Gastronok
 17425 | Lair:3   | Killed Gastronok
 17464 | Lair:3   | Noticed Nergalle
 17478 | Lair:3   | Killed Nergalle
 17610 | Lair:3   | Noticed Amaemon
 17636 | Lair:3   | Killed Amaemon
 17773 | Lair:3   | Found a staircase to the Swamp.
 18011 | Lair:3   | Reached XP level 13. HP: 102/116 MP: 18/22
 18020 | Lair:3   | Reached skill level 13 in Bows
 18792 | Lair:4   | Reached skill level 14 in Bows
 18794 | Lair:4   | HP: 2/116 [elephant (11)]
 19761 | Lair:5   | Identified the +11 quarterstaff of the Original Sin
                  | {freeze, *Slow rElec rPois Stlth+}
 20323 | Lair:5   | Reached skill level 15 in Bows
 20997 | D:2      | Bought a scroll of enchant weapon for 105 gold pieces
 20997 | D:2      | Bought a scroll of blinking for 105 gold pieces
 20997 | D:2      | Bought a scroll of blinking for 105 gold pieces
 20997 | D:2      | Bought 3 scrolls of teleportation for 126 gold pieces
 21105 | D:4      | Killed turdburglar's ghost
 21281 | D:5      | Killed DocClef's ghost
 21579 | Lair:1   | Killed chrisa4242's ghost
 21767 | Lair:6   | Entered Level 6 of the Lair of Beasts
 22175 | Lair:6   | Reached skill level 16 in Bows
 22277 | Lair:6   | Reached XP level 14. HP: 92/124 MP: 24/24
 22807 | Lair:6   | Reached skill level 1 in Transmutations
 22927 | Lair:6   | Reached skill level 17 in Bows
 22957 | Lair:6   | Identified the +0 cloak of the Slimy God {rPois rC- Slay+2}
 23323 | Lair:6   | Found a staircase to the Slime Pits.
 23482 | Lair:6   | Reached skill level 1 in Earth Magic
 23864 | D:12     | Found Luhaim's Antique Weapon Emporium.
 24022 | D:12     | Cast into level 2 of the Abyss (a wizard)
 24107 | Abyss:2  | Noticed a tentacled starspawn
 24148 | Abyss:2  | Killed a tentacled starspawn
 24154 | Abyss:2  | Noticed a tentacled starspawn
 24161 | Abyss:2  | Killed a tentacled starspawn
 24321 | Abyss:2  | Noticed a tentacled starspawn
 24331 | Abyss:2  | Killed a tentacled starspawn
 24345 | Abyss:2  | Noticed a lich
 24353 | Abyss:2  | Killed from afar by a lich

Illustrated notes

Levels and vault maps discovered:
D:1:      dpeg_arrival_simpleton_b, layout_basic, basic_ecumenical_altar
D:2:      layout_rooms, serial_shops, shop_scrolls, uniq_natasha
D:3:      minmay_recursive_quarters, layout_rooms, minmay_misc_feat_chi,
          minmay_checkerbox
D:4:      layout_loops_ring, nicolae_elyvilon_temple_path, vehumet_statue,
          gammafunk_ghost_gnarly_gnolls
D:5:      layout_gridville, minmay_temple_entry_grid,
          gammafunk_ghost_nasty_kobolds, chequers_serial_rivers_large_a,
          hangedman_decor_slide_cut
D:6:      layout_loops_cross, nicolae_qazlal_style_of_elements,
          mainiacjoe_overflow_tiny_flanked
D:7:      layout_basic, okawaru_trees_2, nicolae_concentric_dashed_squares_mild
D:8:      minmay_inner_zag, layout_basic, special_room [special_room_kobold],
          small_statue_intersection, nicolae_two_hexagons
D:9:      layout_small_grid, mainiacjoe_overflow_chevrons,
          minmay_overflow_temple_star_quad, st_stairs_1, uniq_maurice
D:10:     layout_loops_ring, mainiacjoe_overflow_surrounded_room, uniq_erolcha
D:11:     layout_basic, minmay_lair_entry_grove, orc_0_dummy
D:12:     cheibrodos_lost_city_excavation, layout_gridville, serial_shops, shop
Temple:   nicolae_temple_no_exploring_needed
Lair:1:   layout_hall_layers, ebering_ghost_inner_flame, serial_bayou_pond_d,
          grunt_megastairs_5
Lair:2:   layout_misc_corridors, spider_nest_entry_rubble, grunt_megastairs_1,
          infiniplex_staircase_pool
Lair:3:   layout_cave_pods, minmay_swamp_entry_worms, minmay_lindwurm_lava,
          uniq_nergalle, uniq_amaemon, uniq_gastronok
Lair:4:   layout_big_grid, serial_bayou_ford_a
Lair:5:   layout_loops_ring, nicolae_lair_yak_garden, grunt_megastairs_3,
          lemuel_fruit_tree
Lair:6:   hangedman_lair_in_review, layout_cave_pods,
          dpeg_slime_entry_enclosed_altar, dreamdust_gnoll_shepherd,
          serial_bayou_shore_b, infiniplex_staircase_pool_2
Abyss:2:  base:
D:2

Skill      XL: |  1  2  3  4  5  6  7  8  9 10 11 12 13 14 |
---------------+-------------------------------------------+-----
Ice Magic      | 4 5 6 8 |  8.0
Spellcasting   | 2 3 4 |  4.0
Dodging        | 2 3 5 |  5.0
Fighting       | 3 4 5 7 10 11 | 11.1
Stealth        | 2 3 5 |  5.0
Armour         | 3 4 5 |  5.0
Evocations     | 2 5 |  5.0
Bows           | 8 12 16 17 | 17.4
Transmutations | 1 |  1.0
Earth Magic    | 1 |  1.0

Action                   |  1- 3 |  4- 6 |  7- 9 | 10-12 | 13-15 || total
-------------------------+-------+-------+-------+-------+-------++-------
Melee: Unarmed           |     2 |       |       |       |       ||     2
       Dagger            |     6 |    65 |   211 |   501 |       ||   783
       Punch             |       |       |     3 |     8 |       ||    11
       Long sword        |       |       |       |    15 |       ||    15
       Longbow           |       |       |       |       |     1 ||     1
 Fire: Shortbow          |       |       |       |   531 |    25 ||   556
       Longbow           |       |       |       |       |   742 ||   742
 Cast: Freeze            |    42 |   113 |    71 |     2 |       ||   228
       Ozocubu's Armour  |       |    10 |    31 |    86 |    68 ||   195
Evoke: Wand              |       |       |     3 |    10 |       ||    13
  Use: Scroll            |       |     4 |     5 |    20 |     5 ||    34
       Potion            |       |       |       |    12 |     6 ||    18
 Stab: Sleeping          |     1 |    11 |    10 |     1 |       ||    23
       Distracted        |       |       |     1 |       |       ||     1
       Paralysed         |       |       |       |     2 |       ||     2
Armor: Robe              |     9 |    28 |    14 |       |       ||    51
       Steam dragon scal |       |       |    73 |   252 |   245 ||   570
Dodge: Dodged            |    18 |    84 |   204 |   736 |   402 ||  1444
Block: Other             |       |    22 |    40 |       |       ||    62
       Reflection        |       |     3 |     1 |       |       ||     4

Table legend: (Time is in decaauts)
 A = Elapsed time spent in this place.
 B = Non-inter-level travel time spent in this place.
 C = Inter-level travel time spent in this place.
 D = Time resting spent in this place.
 E = Time spent auto-exploring this place.
 F = Levels seen in this place.
 G = Mean time per level.
                   A        B        C        D        E       F      G
               +--------+--------+--------+--------+--------+-----+--------+
         Total |  24411 |  20116 |   4295 |   4279 |   8884 |  20 | 1220.6 |
       Dungeon |  14904 |  12354 |   2550 |   2966 |   5802 |  12 | 1242.0 |
        Temple |     46 |     41 |      5 |      0 |      0 |   1 |   46.0 |
          Lair |   9133 |   7394 |   1739 |   1181 |   3056 |   6 | 1522.2 |
         Abyss |    327 |    327 |      0 |    131 |     26 |   1 |  327.0 |
               +--------+--------+--------+--------+--------+-----+--------+

Top non-repeatable levels by time:
  Lair:1: 2544 daAuts
     D:8: 1885 daAuts
    D:11: 1765 daAuts
  Lair:3: 1720 daAuts
  Lair:6: 1638 daAuts
     D:4: 1541 daAuts
     D:5: 1534 daAuts
     D:7: 1426 daAuts
     D:6: 1336 daAuts
    D:10: 1255 daAuts
  Lair:2: 1170 daAuts
     D:1: 1140 daAuts
  Lair:5: 1135 daAuts
     D:2: 1044 daAuts
     D:3: 963 daAuts
